HS
JEFFERSON CITY HS JAGUARS @ BASIC HS WOLVES
04/05/2060
 
TOP OF THE 1ST
Jefferson City HS Jaguars batting - Pitching for Basic HS Wolves : RHP Glenn Kreider
Pitching: RHP Glenn Kreider
Batting: LHB Jakob Stewart 0-0: Ball
1-0: Called Strike
1-1: Ball
2-1: SINGLE (Line Drive, 78S, EV 95.6 MPH)
Batting: RHB E.J. Compton 0-0: Ball
Jakob Stewart steals 2nd base
1-0: Foul Ball, location: 2F
1-1: Called Strike
1-2: Fly out, F8 (Flyball, 78D, EV 91.9 MPH)
Batting: LHB Joey Trinidad 0-0: Ball
1-0: Called Strike
1-1: Ball
2-1: Foul Ball, location: 2F
2-2: Foul Ball, location: 2F
2-2: Foul Ball, location: 2F
2-2: Ball
3-2: SINGLE (Line Drive, 6D, EV 98.1 MPH)
Jakob Stewart to third
Batting: RHB Dawson Overton 0-0: Called Strike
0-1: Called Strike
0-2: Fly out, F9 (Flyball, 9D, EV 102.5 MPH)
Runner from 3rd tags up, OUT at HOME! 9-2
Top of the 1st over - 0 runs, 2 hits, 0 errors, 1 left on base; Jefferson City HS 0 - Basic HS 0
BOTTOM OF THE 1ST
Basic HS Wolves batting - Pitching for Jefferson City HS Jaguars : LHP Tyrek Cady
Pitching: LHP Tyrek Cady
Batting: RHB Grant Spivey 0-0: Swinging Strike
0-1: Fly out, F9 (Flyball, 9LM, EV 103.1 MPH)
Batting: RHB Jeffery Barrett 0-0: Ball
1-0: Ground out 6-3 (Groundball, 6M, EV 84.4 MPH)
Batting: RHB Martin Vaughan 0-0: Ball
1-0: DOUBLE (Groundball, 5L, EV 102.5 MPH)
Batting: RHB Dallas Shirey 0-0: Called Strike
0-1: Ball
1-1: Ball
2-1: Ground out 6-3 (Groundball, 6, EV 83.1 MPH)
Bottom of the 1st over - 0 runs, 1 hit, 0 errors, 1 left on base; Jefferson City HS 0 - Basic HS 0
TOP OF THE 2ND
Jefferson City HS Jaguars batting - Pitching for Basic HS Wolves : RHP Glenn Kreider
Batting: RHB Jaime Klutts 0-0: Ball
1-0: Ball
2-0: Called Strike
2-1: Ball
3-1: Base on Balls
Batting: LHB Carter Saddler 0-0: Ball
1-0: Swinging Strike
1-1: Ball
2-1: Fly out, F9 (Line Drive, 9, EV 98.8 MPH)
Batting: RHB Cole Shirah 0-0: Called Strike
0-1: Called Strike
0-2: Foul Ball, location: 2F
0-2: Ball
1-2: Foul Ball, location: 2F
1-2: Strikes out looking
Batting: RHB Geoffrey Hogan 0-0: Ground out 4-3 (Groundball, 4, EV 88.1 MPH)
Top of the 2nd over - 0 runs, 0 hits, 0 errors, 1 left on base; Jefferson City HS 0 - Basic HS 0
BOTTOM OF THE 2ND
Basic HS Wolves batting - Pitching for Jefferson City HS Jaguars : LHP Tyrek Cady
Batting: RHB Glenn Kreider 0-0: Ball
1-0: Called Strike
1-1: Fly out, F8 (Flyball, 8LXD, EV 105.6 MPH)
Batting: LHB Cody Ward 0-0: Ball
1-0: Fly out, F8 (Flyball, 78M, EV 86.2 MPH)
Batting: LHB Adrian Gordon 0-0: Ball
1-0: Ball
2-0: Called Strike
2-1: Ball
3-1: SINGLE (Groundball, 6D, EV 99.4 MPH)
Batting: RHB Abdul Arbuckle 0-0: Ball
1-0: Swinging Strike
1-1: Called Strike
1-2: Foul Ball, location: 2F
1-2: Ball
2-2: Fly out, F9 (Flyball, 9S, EV 86.9 MPH)
Bottom of the 2nd over - 0 runs, 1 hit, 0 errors, 1 left on base; Jefferson City HS 0 - Basic HS 0
TOP OF THE 3RD
Jefferson City HS Jaguars batting - Pitching for Basic HS Wolves : RHP Glenn Kreider
Batting: RHB Emil Galarza 0-0: Called Strike
0-1: Called Strike
0-2: Foul Ball, location: 2F
0-2: Foul Ball, location: 2F
0-2: Ball
1-2: SINGLE (Groundball, 56S, EV 66.9 MPH) (infield hit)
Batting: LHB Jakob Stewart 0-0: Foul Ball, location: 2F
0-1: Ball
1-1: Fly out, F7 (Flyball, 7, EV 81.9 MPH)
Batting: RHB E.J. Compton 0-0: Ball
Emil Galarza steals 2nd base
1-0: Ground out U3 (Groundball, 34S, EV 87.5 MPH)
Emil Galarza to third
Batting: LHB Joey Trinidad 0-0: Ball
1-0: SINGLE (Flyball, 56D, EV 83.8 MPH)
Emil Galarza scores
Batting: RHB Dawson Overton 0-0: Called Strike
0-1: Ball
1-1: Ball
2-1: Swinging Strike
2-2: Foul Ball, location: 2F
2-2: Strikes out swinging
Top of the 3rd over - 1 run, 2 hits, 0 errors, 1 left on base; Jefferson City HS 1 - Basic HS 0
BOTTOM OF THE 3RD
Basic HS Wolves batting - Pitching for Jefferson City HS Jaguars : LHP Tyrek Cady
Batting: RHB Omar Lipsey 0-0: Foul Ball, location: 2F
0-1: Ball
1-1: Ball
2-1: Fly out, F3 (Popup, 3S, EV 73.8 MPH)
Batting: RHB Grant Spivey 0-0: Ball
1-0: Foul Ball, location: 2F
1-1: Swinging Strike
1-2: Foul Ball, location: 2F
1-2: Ball
2-2: Foul Ball, location: 2F
2-2: Foul Ball, location: 2F
2-2: DOUBLE (Line Drive, 78D, EV 103.8 MPH)
Batting: RHB Jeffery Barrett 0-0: Called Strike
0-1: Ball
1-1: Foul Ball, location: 2F
1-2: Ball
2-2: Ball
3-2: Base on Balls
Batting: RHB Martin Vaughan 0-0: Ball
1-0: 3-RUN HOME RUN (Flyball, 7D, EV 97.5 MPH), Distance : 376 ft
Batting: RHB Dallas Shirey 0-0: Foul Ball, location: 2F
0-1: Ball
1-1: Foul Ball, location: 2F
1-2: Fly out, F8 (Flyball, 8RD, EV 102.5 MPH)
Batting: RHB Glenn Kreider 0-0: Swinging Strike
0-1: Ball
1-1: Ball
2-1: Ball
3-1: Called Strike
3-2: Base on Balls
Batting: LHB Cody Ward 0-0: Foul Ball, location: 2F
0-1: Ball
1-1: Swinging Strike
1-2: Fly out, F8 (Flyball, 8RS, EV 78.1 MPH)
Bottom of the 3rd over - 3 runs, 2 hits, 0 errors, 1 left on base; Jefferson City HS 1 - Basic HS 3
TOP OF THE 4TH
Jefferson City HS Jaguars batting - Pitching for Basic HS Wolves : RHP Glenn Kreider
Batting: RHB Jaime Klutts 0-0: Foul Ball, location: 2F
0-1: Foul Ball, location: 2F
0-2: Ground out 6-3 (Groundball, 6, EV 86.2 MPH)
Batting: LHB Carter Saddler 0-0: Foul Ball, location: 2F
0-1: Fly out, F8 (Flyball, 89M, EV 92.5 MPH)
Batting: RHB Cole Shirah 0-0: Ball
1-0: Swinging Strike
1-1: TRIPLE (Flyball, 89XD, EV 106.9 MPH)
Batting: RHB Geoffrey Hogan 0-0: Ball
1-0: Foul Ball, location: 2F
1-1: Foul Ball, location: 2F
1-2: Strikes out swinging
Top of the 4th over - 0 runs, 1 hit, 0 errors, 1 left on base; Jefferson City HS 1 - Basic HS 3
BOTTOM OF THE 4TH
Basic HS Wolves batting - Pitching for Jefferson City HS Jaguars : LHP Tyrek Cady
Batting: LHB Adrian Gordon 0-0: Ball
1-0: Ball
2-0: Called Strike
2-1: Swinging Strike
2-2: Strikes out swinging
Batting: RHB Abdul Arbuckle 0-0: Foul Ball, location: 2F
0-1: Foul Ball, location: 2F
0-2: Ball
1-2: Ball
2-2: Ball
3-2: Fly out, F8 (Flyball, 8RM, EV 77.5 MPH)
Batting: RHB Omar Lipsey 0-0: Ball
1-0: Ball
2-0: Foul Ball, location: 2F
2-1: Reached via error on a dropped throw from SS, E3 (Groundball, 6, EV 83.1 MPH)
Pitching: RHP Johnathan Applewhite
Batting: RHB Grant Spivey 0-0: Swinging Strike
0-1: Ball
1-1: Foul Ball, location: 2F
1-2: Ball
2-2: Foul Ball, location: 2F
2-2: Fly out, F7 (Flyball, 7, EV 74.4 MPH)
Bottom of the 4th over - 0 runs, 0 hits, 1 error, 1 left on base; Jefferson City HS 1 - Basic HS 3
TOP OF THE 5TH
Jefferson City HS Jaguars batting - Pitching for Basic HS Wolves : RHP Glenn Kreider
Batting: RHB Emil Galarza 0-0: Fly out, F8 (Line Drive, 8LD, EV 103.8 MPH)
Batting: LHB Jakob Stewart 0-0: Called Strike
0-1: Foul Ball, location: 2F
0-2: Strikes out looking
Batting: RHB E.J. Compton 0-0: Called Strike
0-1: Ball
1-1: Ball
2-1: SOLO HOME RUN (Flyball, 78XD, EV 108.1 MPH), Distance : 410 ft
Batting: LHB Joey Trinidad 0-0: Called Strike
0-1: Ball
1-1: Called Strike
1-2: Ball
2-2: Foul Ball, location: 2F
2-2: Strikes out swinging
Top of the 5th over - 1 run, 1 hit, 0 errors, 0 left on base; Jefferson City HS 2 - Basic HS 3
BOTTOM OF THE 5TH
Basic HS Wolves batting - Pitching for Jefferson City HS Jaguars : RHP Johnathan Applewhite
Batting: RHB Jeffery Barrett 0-0: Called Strike
0-1: Swinging Strike
0-2: Ball
1-2: Foul Ball, location: 2F
1-2: Foul Ball, location: 2F
1-2: Fly out, F9 (Flyball, 89S, EV 71.2 MPH)
Batting: RHB Martin Vaughan 0-0: Fly out, F8 (Flyball, 8LS, EV 85.6 MPH)
Batting: RHB Dallas Shirey 0-0: Swinging Strike
0-1: Ball
1-1: Fly out, F9 (Flyball, 9, EV 98.8 MPH)
Bottom of the 5th over - 0 runs, 0 hits, 0 errors, 0 left on base; Jefferson City HS 2 - Basic HS 3
TOP OF THE 6TH
Jefferson City HS Jaguars batting - Pitching for Basic HS Wolves : RHP Glenn Kreider
Pitching: RHP Cullen Tornabene
Batting: RHB Dawson Overton 0-0: Swinging Strike
0-1: Called Strike
0-2: Ball
1-2: Strikes out swinging
Batting: RHB Jaime Klutts 0-0: Called Strike
0-1: Ball
1-1: Ball
2-1: Ball
3-1: SOLO HOME RUN (Flyball, 78XD, EV 105.0 MPH), Distance : 404 ft
Batting: LHB Carter Saddler 0-0: Called Strike
0-1: Fly out, F5 (Popup, 56S, EV 78.1 MPH)
Pinch Hitting: RHB Parker Benedetto 0-0: Ball
1-0: Ball
2-0: Ball
3-0: Called Strike
3-1: Foul Ball, location: 2F
3-2: Foul Ball, location: 2F
3-2: Strikes out swinging
Top of the 6th over - 1 run, 1 hit, 0 errors, 0 left on base; Jefferson City HS 3 - Basic HS 3
BOTTOM OF THE 6TH
Basic HS Wolves batting - Pitching for Jefferson City HS Jaguars : RHP Johnathan Applewhite
Now at SS: Elliot Kukulski
Batting: RHB Glenn Kreider 0-0: Fly out, F4 (Line Drive, 4, EV 74.4 MPH)
Batting: LHB Cody Ward 0-0: Ground out 3-1 (Groundball, 34, EV 90.6 MPH)
Batting: LHB Adrian Gordon 0-0: Foul Ball, location: 2F
0-1: SOLO HOME RUN (Flyball, 7D, EV 97.5 MPH), Distance : 373 ft
Batting: RHB Abdul Arbuckle 0-0: Ball
1-0: SINGLE (Line Drive, 56D, EV 107.5 MPH)
Batting: RHB Omar Lipsey 0-0: SINGLE (Line Drive, 9LS, EV 91.2 MPH)
Abdul Arbuckle to second
Runner from 2nd tries for 3rd, SAFE, throw by RF made to third
Batting: RHB Grant Spivey 0-0: Ball
1-0: Called Strike
1-1: Ball
2-1: Foul Ball, location: 2F
2-2: Ball
3-2: Ground out 3-1 (Groundball, 34, EV 103.1 MPH)
Bottom of the 6th over - 1 run, 3 hits, 0 errors, 2 left on base; Jefferson City HS 3 - Basic HS 4
TOP OF THE 7TH
Jefferson City HS Jaguars batting - Pitching for Basic HS Wolves : RHP Cullen Tornabene
Pinch Hitting: RHB Brendan Cecil 0-0: Ball
1-0: Called Strike
1-1: Swinging Strike
1-2: Foul Ball, location: 2F
1-2: Strikes out swinging
Pinch Hitting: RHB Jeffrey Witherspoon 0-0: Swinging Strike
0-1: Called Strike
0-2: Foul Ball, location: 2F
0-2: Ball
1-2: Ball
2-2: Ground out 5-3 (Groundball, 56S, EV 87.5 MPH)
Batting: LHB Jakob Stewart 0-0: Called Strike
0-1: Called Strike
0-2: Ball
1-2: Ball
2-2: Strikes out looking
Top of the 7th over - 0 runs, 0 hits, 0 errors, 0 left on base; Jefferson City HS 3 - Basic HS 4
BOTTOM OF THE 7TH
Basic HS Wolves batting - Pitching for Jefferson City HS Jaguars : RHP Johnathan Applewhite
Now at 3B: Jeffrey Witherspoon
Now in RF: Cameron Smiley
Batting: RHB Jeffery Barrett 0-0: Ball
1-0: Ball
2-0: Ball
3-0: Base on Balls
Batting: RHB Martin Vaughan 0-0: Called Strike
0-1: Ball
1-1: Called Strike
1-2: SINGLE (Flyball, 56D, EV 95.6 MPH)
Jeffery Barrett to second
Batting: RHB Dallas Shirey 0-0: Called Strike
0-1: Ball
1-1: Fly out, F7 (Flyball, 7D, EV 96.9 MPH)
Batting: RHB Glenn Kreider 0-0: Called Strike
0-1: Ball
1-1: Foul Ball, location: 2F
1-2: Fly out, F7 (Line Drive, 78M, EV 91.9 MPH)
Batting: LHB Cody Ward 0-0: Ball
1-0: Foul Ball, location: 2F
1-1: Ground out 4-3 (Groundball, 34, EV 104.4 MPH)
Bottom of the 7th over - 0 runs, 1 hit, 0 errors, 2 left on base; Jefferson City HS 3 - Basic HS 4
TOP OF THE 8TH
Jefferson City HS Jaguars batting - Pitching for Basic HS Wolves : RHP Cullen Tornabene
Pinch Hitting: SHB Kayden Kartodirdjo 0-0: Called Strike
0-1: Swinging Strike
0-2: Strikes out swinging
Batting: LHB Joey Trinidad 0-0: Called Strike
0-1: Fly out, F9 (Flyball, 89S, EV 87.5 MPH)
Batting: RHB Dawson Overton 0-0: Fly out, F7 (Flyball, 7, EV 88.8 MPH)
Top of the 8th over - 0 runs, 0 hits, 0 errors, 0 left on base; Jefferson City HS 3 - Basic HS 4
BOTTOM OF THE 8TH
Basic HS Wolves batting - Pitching for Jefferson City HS Jaguars : RHP Johnathan Applewhite
Now at 2B: Kayden Kartodirdjo
Batting: LHB Adrian Gordon 0-0: Ball
1-0: Ball
2-0: Ball
3-0: Called Strike
3-1: Foul Ball, location: 2F
3-2: Strikes out swinging
Batting: RHB Abdul Arbuckle 0-0: Ball
1-0: Called Strike
1-1: Fly out, F8 (Flyball, 8LD, EV 94.4 MPH)
Batting: RHB Omar Lipsey 0-0: Fly out, F7 (Flyball, 7LS, EV 90.0 MPH)
Bottom of the 8th over - 0 runs, 0 hits, 0 errors, 0 left on base; Jefferson City HS 3 - Basic HS 4
TOP OF THE 9TH
Jefferson City HS Jaguars batting - Pitching for Basic HS Wolves : RHP Cullen Tornabene
Pitching: RHP Ken Bearden
Batting: RHB Jaime Klutts 0-0: Ball
1-0: Ball
2-0: Fly out, F9 (Flyball, 9D, EV 107.5 MPH)
Batting: LHB Carter Saddler 0-0: SINGLE (Flyball, 8RS, EV 93.8 MPH)
Pinch Hitting: SHB Hassan Meade 0-0: Called Strike
0-1: Grounds into double play, 6-4-3 (Groundball, 56, EV 91.9 MPH)
Top of the 9th over - 0 runs, 1 hit, 0 errors, 0 left on base; Jefferson City HS 3 - Basic HS 4
Thursday, April 25th , 2024 - OOTP Baseball 23.10 Build 110